 Dungeon Crawl Stone Soup version 0.31.0-9-g3a7656b989 (webtiles) character file.

Game seed: 12240095558253833971

47 qw the Shooter (level 3, 0/20 HPs)
             Began as a Deep Elf Hunter on Feb 2, 2024.
             Succumbed to an adder's poison
             ... on level 1 of the Dungeon.
             The game lasted 00:00:02 (614 turns).

qw the Shooter (Deep Elf Hunter)                     Turns: 614, Time: 00:00:03

Health: 0/20       AC:  3    Str: 10    XL:     3   Next: 48%
Magic:  5/5        EV: 12    Int: 13    God:
Gold:   58         SH:  0    Dex: 18    Spells: 2/2 levels left

rFire   . . .        a - +0 shortbow
rCold   . . .        (shield currently unavailable)
rNeg    . . .        c - +0 leather armour
rPois   .            (no helmet)
rElec   .            (no cloak)
rCorr   .            (no gloves)
SInv    .            (no boots)
Will    .....        (no amulet)
Stlth   ++           (no ring)
HPRegen 0.23/turn    (no ring)
MPRegen 0.09/turn

%: no passive effects
@: lethally poisoned (0 -> -5)
A: no striking features
a: no special abilities


You were on level 1 of the Dungeon.
You visited 1 branch of the dungeon, and saw 2 of its levels.

You collected 58 gold pieces.


   Skills:
 - Level 1.5 Fighting
 + Level 7.0 Ranged Weapons
 - Level 2.4 Dodging
 - Level 1.2 Stealth


You had 2 spell levels left.
You didn't know any spells.
Your spell library was empty.

Inventory:

Hand Weapons
 a - a +0 shortbow (weapon)
Armour
 c - a +0 leather armour (worn)

Dungeon Overview and Level Annotations

Branches:
Dungeon (2/15)

Altars:

Annotations:
D:2 Sigmund


Message History

A goblin comes into view. It is wielding a +0 dagger.
You shoot an arrow. The arrow closely misses Sigmund.
The goblin shouts!
The arrow hits the goblin.
You kill the goblin!
Sigmund breathes a few words.
Sigmund's hands start flickering wildly.
Sigmund hits you from afar with a +0 scythe!
A goblin comes into view. It is wielding a +0 club.
572 ||| STAIRDANCE Sigmund casts a spell.
Sigmund flickers and vanishes!
Deactivating autopickup; reactivate with Ctrl-A.
You climb upwards.
Reactivating autopickup.
There is a stone staircase leading down here.
You start resting.
HP restored.
You climb downwards.
Level annotation: Sigmund The adder hisses angrily.
The endoplasm freezes you.
You are frozen.
The goblin hits you but does no damage. x2
The goblin hits you with a +0 dagger.
Sigmund mumbles some strange words.
Sigmund flickers and vanishes!
Deactivating autopickup; reactivate with Ctrl-A.
There is a stone staircase leading up here.
613 ||| STAIRDANCE The goblin shouts!
The adder bites you. The endoplasm freezes you.
You are frozen.
The goblin hits you with a +0 dagger. The goblin barely misses you.
The goblin hits you but does no damage. The adder bites you.
You are lethally poisoned!
The adder poisons you!
You climb upwards.
Reactivating autopickup.
You die...

#.........#.########
#.#.###.###.#.......
#.#......##.....####
####.#......####.#.)..#
#................#.##.#
###.##......#########.#
#.........# #.....#?)
#.#.J.....###.###.###
#..g@S...............
#..gg.....###.###.###
#.........###......##
#......#......#......
#......#..###.#......
#....####.# #.#......
###### #.###.#......
#............
#######......


You could see an adder, an endoplasm and 3 goblins.

Vanquished Creatures
  2 gnolls (D:1)
  2 ball pythons (D:1)
  2 bats (D:1)
  5 endoplasms (D:1)
  2 giant cockroaches (D:1)
  3 goblins
  A hobgoblin (D:1)
  3 kobolds (D:1)
  5 rats (D:1)
25 creatures vanquished.

Notes
Turn   | Place    | Note
-------+----------+-------------------------------------------
     0 | D:1      | qw the Deep Elf Hunter began the quest for the Orb.
     0 | D:1      | Reached XP level 1. HP: 12/12 MP: 3/3
     0 | D:1      | 0 ||| qw: Version: 0.3-a-155-g5e7d8dd
     0 | D:1      | 0 ||| qw: Game counter: 533
     0 | D:1      | 0 ||| qw: Melee chars always use a shield: true
     0 | D:1      | 0 ||| qw: God list: Okawaru
     0 | D:1      | 0 ||| qw: Allow faded altars: false
     0 | D:1      | 0 ||| qw: Do Orc after clearing Dungeon:15 true
     0 | D:1      | 0 ||| qw: Do second Lair branch before Depths: true
     0 | D:1      | 0 ||| qw: Lair rune preference: random
     0 | D:1      | 0 ||| qw: Goals: Normal
     0 | D:1      | 0 ||| PLANNING D:1-11
   120 | D:1      | Reached skill level 6 in Ranged Weapons
   120 | D:1      | Reached XP level 2. HP: 16/16 MP: 4/4
   161 | D:1      | Reached XP level 3. HP: 20/20 MP: 5/5
   506 | D:1      | Reached skill level 7 in Ranged Weapons
   543 | D:1      | 543 ||| READING scroll labelled UROJUO VUTAHIN.
   544 | D:1      | 544 ||| READING scroll labelled XUUSOU GALUI.
   544 | D:1      | 544 ||| IDENTIFYING scroll labelled XOLUGHE ZEGY
   545 | D:1      | 545 ||| READING 2 scrolls labelled LEKKOMUDIE.
   546 | D:1      | 546 ||| DROPPING scroll of butterflies.
   547 | D:1      | 547 ||| DROPPING scroll of blinking.
   548 | D:1      | 548 ||| DROPPING scroll of immolation.
   567 | D:2      | Noticed Sigmund
   572 | D:2      | 572 ||| STAIRDANCE
   613 | D:2      | 613 ||| STAIRDANCE
   613 | D:2      | HP: 4/20 [goblin/+0 dagger[Robin] (3)]
   613 | D:2      | HP: 1/20 [adder (3)]
   614 | D:1      | Succumbed to an adder's poison

Levels and vault maps discovered:
D:1:      scummos_arrival_simple_fountains, layout_basic, grunt_decor_fettered
D:2:      layout_rooms, serial_shops, nicolae_shop_gaudy_bauble, shop,
          uniq_sigmund, uniq_robin

Skill      XL: |  1  2  3 |
---------------+----------+-----
Ranged Weapons | 6 7 |  7.0
Fighting       | |  1.5
Dodging        | |  2.4
Stealth        | |  1.2

Action                     || total
---------------------------++-------
   Fire: Shortbow          ||    53
    Use: Scroll            ||     3
 Armour: Leather armour    ||    10
  Dodge: Dodged            ||     6

Table legend:
 A = Non-vault XP
 B = Vault XP
 C = Vault XP percentage of total XP
 D = Non-vault monster count
 E = Vault monster count
 F = Vault count percentage of total count
                 A         B        C        D         E       F
            +---------+---------+-------+---------+---------+-------
      Total |      66 |       2 |   2.9 |      24 |       1 |   4.0
            +---------+---------+-------+---------+---------+-------
        D:1 |      66 |       0 |   0.0 |      24 |       0 |   0.0
        D:2 |       0 |       2 | 100.0 |       0 |       1 | 100.0
            +---------+---------+-------+---------+---------+-------
